 Dungeon Crawl Stone Soup version 0.30.0-30-g96aa6591b8 (webtiles) character file.

Game seed: 2183749608757662662

20 Dordric the Magician (level 3, 0/29 HPs)
             Began as a Djinni Warper on June 29, 2023.
             Killed by nerve-wracking pain
             ... invoked by Jessica
              (11 damage)
             ... on level 2 of the Dungeon.
             The game lasted 00:01:40 (1142 turns).

Dordric the Magician (Djinni Warper)                Turns: 1142, Time: 00:01:41

Health: 0/29       AC:  6    Str: 16    XL:     3   Next: 0%
Gold:   47         EV: 10    Int: 14    God:
                   SH:  0    Dex: 14

rFire   + + .        l - +0 short sword (flame)
rCold   x . .        (no shield)
rNeg    . . .        j - +0 scale mail
rPois   ∞            (no helmet)
rElec   .            (no cloak)
rCorr   .            (no gloves)
SInv    .            (boots unavailable)
Will    .....        (no amulet) Stlth
                     e - +6 ring of strength
HPRegen 0.24/turn    (no ring)
MPRegen 0.00/turn

%: infuse magic (-1 HP)
@: flying
A: sickness immunity, fire resistance 2, cold vulnerability 1, float, innate
caster, HP casting, extra vitality 1
a: no special abilities


You were on level 2 of the Dungeon.
You visited 1 branch of the dungeon, and saw 2 of its levels.

You collected 47 gold pieces.

Inventory:

Hand Weapons
 a - a +0 falchion
 l - a +0 short sword of flaming (weapon)
Missiles
 d - 7 boomerangs of dispersal (quivered)
 f - a throwing net
Armour
 b - a +0 leather armour
 g - a +0 ring mail
 j - a +0 scale mail (worn)
Jewellery
 e - a +6 ring of strength (left hand)
Scrolls
 c - a scroll of blinking
 i - a scroll of acquirement {unknown}
 k - a scroll of identify {unknown}
 n - a scroll of noise {unknown}
Potions
 h - 2 potions of might {unknown}
 m - a potion of curing {unknown}
 o - a potion of cancellation {unknown}


   Skills:
 + Level 2.4 Fighting
 + Level 2.2 Long Blades
 - Level 0.7 Throwing
 - Level 1.0 Armour
 - Level 2.1 Dodging
 + Level 2.7 Spellcasting


You knew the following spells:

 Your Spells              Type           Power      Damage    Failure   Level
a - Blink                 Tloc           18%        N/A       38%         2
b - Lesser Beckoning      Tloc           18%        N/A       38%         2
c - Vhi's Electric Charg  Tloc/Air       18%        N/A       63%         3
d - Teleport Other        Tloc           9%         N/A       63%         3
e - Manifold Assault      Tloc           9%         N/A       95%         4
f - Summon Small Mammal   Summ           36%        N/A       26%         1
Your spell library was empty.

Dungeon Overview and Level Annotations

Branches:
Dungeon (2/15)

Altars:

Shops:
D:2 [

Annotations:
D:2 Jessica


Innate Abilities, Weirdness & Mutations

You are immune to sickness and miasma.
You are immune to poison.
Your flesh is very heat resistant. (rF++)
You are vulnerable to cold. (rC-)
You float through the air rather than walking.
You learn spells naturally, not from books.
Your magical power is your life essence.
You have superior vitality. (+4 MHP)


Message History

Jessica hits you but does no damage.
You completely miss Jessica.
Jessica is heavily wounded.
Jessica hits you with a +0 club.
You closely miss Jessica.
Jessica is heavily wounded.
Jessica hits you but does no damage.
You hit Jessica.
Jessica is severely wounded.
Jessica misses you.
You hit Jessica but do no damage.
Jessica is severely wounded.
You hit Jessica but do no damage.
Jessica is severely wounded.
Jessica hits you but does no damage.
You hit Jessica but do no damage.
Jessica is severely wounded.
Jessica hits you with a +0 club.
You hit Jessica.
Jessica is severely wounded.
Jessica hits you with a +0 club.
You closely miss Jessica.
Jessica is severely wounded.
Jessica hits you with a +0 club.
You are too injured to fight recklessly!
You are too injured to fight recklessly!
You are too injured to fight recklessly!
You are too injured to fight recklessly!
You are too injured to fight recklessly!
You are too injured to fight recklessly!
You are too injured to fight recklessly!
You are too injured to fight recklessly!
You closely miss Jessica.
Jessica is severely wounded.
Jessica barely misses you.
You barely miss Jessica.
Jessica is severely wounded.
Jessica casts a spell at you. Pain shoots through your body!
You die...

##+# ##...##
##)....##
##.......## .##
#....!.@@.####...#
+.....$....>......
#.................
#.......#.###.!.#
##.....##.# #.#
##...###.#
########'## #.#
#.........# #.#
#.######..# #.#


You could see Jessica.

Vanquished Creatures
  An endoplasm (D:1)
  3 hobgoblins
  A ball python (D:2)
  4 bats
  6 goblins
  2 kobolds (D:1)
  A rat (D:1)
18 creatures vanquished.

Notes
Turn   | Place    | Note
-------+----------+-------------------------------------------
     0 | D:1      | Dordric the Djinni Warper began the quest for the Orb.
     0 | D:1      | Dordric set off with the following spells memorised: Blink,
                  | Lesser Beckoning, Vhi's Electric Charge, Teleport Other,
                  | Manifold Assault.
     0 | D:1      | Reached XP level 1. HP: 18/18 MP: 0/0
   397 | D:1      | Reached XP level 2. HP: 22/23 MP: 0/0
   699 | D:2      | Found Ynoleton's Armour Shop.
  1104 | D:2      | Reached XP level 3. HP: 29/29 MP: 0/0
  1104 | D:2      | Learned a level 1 spell: Summon Small Mammal
  1120 | D:2      | Noticed Jessica
  1142 | D:2      | Killed from afar by Jessica

Illustrated notes

Levels and vault maps discovered:
D:1:      psy_arrival_dodecagon, layout_loops_ring, serial_bayou_pond_c,
          minmay_tripent
D:2:      layout_loops_corners, serial_shops, shop, uniq_jessica

Skill      XL: |  1 |
---------------+----+-----
Long Blades    | 2 |  2.2
Fighting       | |  2.4
Throwing       | |  0.7
Armour         | |  1.0
Dodging        | |  2.1
Spellcasting   | |  2.7

Action                     || total
---------------------------++-------
  Melee: Falchion          ||    19
         Short sword       ||    71
         Punch             ||     1
 Armour: Scale mail        ||    38
         Leather armour    ||     2
  Dodge: Dodged            ||    56
